 Dungeon Sprint DCSS version 0.20-a0-640-g62ed22f (webtiles) character file.

417 esc the Fighter (level 6, -3/45 HPs)
             Began as a Gargoyle Berserker on Feb 12, 2017.
             Was a Believer of Trog.
             Slain by a flying skull (9 damage)
             ... in the Dungeon (Sprint II: "The Violet Keep of Menkaure").
             The game lasted 00:01:06 (96 turns).

esc the Fighter (Gargoyle Berserker)                  Turns: 96, Time: 00:01:06

Health: -3/45      AC:  6    Str: 23    XL:     6   Next: 93%
Magic:  6/6        EV: 14    Int:  7    God:    Trog [**....]
Gold:   0          SH:  0    Dex:  9    Spells: 5/5 levels left

rFire    . . .     SeeInvis .   a - +0 mace
rCold    . . .     Gourm    .   b - +0 animal skin
rNeg     + . .     Faith    .   (no shield)
rPois    ∞         Spirit   .   (no helmet)
rElec    +         Reflect  .   (no cloak)
rCorr    .         Harm     .   (no gloves)
MR       ++...     NoTele   +   (no boots)
Stlth    +.........             (no amulet)
Regen    1.2/turn               (no ring)
MPRegen  0.1/turn               (no ring)

@: exhausted, regenerating
A: blurry vision 1, deformed body, negative energy resistance 1, electricity
resistance, unbreathing, petrification resistance, rot immunity, AC +4
a: Berserk, Trog's Hand, Burn Spellbooks, Renounce Religion


You were in the Dungeon.
You worshipped Trog.
Trog was pleased with you.
You were not hungry.

You visited 1 branch

Inventory:

Hand Weapons
 a - a +0 mace (weapon)
Armour
 b - a +0 animal skin (worn)
Scrolls
 i - a scroll of blinking {!r}
Potions
 d - a potion of curing
 f - a potion of haste
 g - 2 potions of magic
 h - a potion of berserk rage {!q}
Comestibles
 c - a bread ration {@e1}


   Skills:
 + Level 8.5 Fighting
 + Level 7.8 Maces & Flails
 + Level 8.1 Armour
 + Level 6.1 Dodging


You had 5 spell levels left.
You didn't know any spells.

Dungeon Overview and Level Annotations

Branches:
Dungeon (1/1)

Altars:


Innate Abilities, Weirdness & Mutations

You are resistant to torment.
Your stone body is resilient. (AC +4)
You are immune to poison.
You resist negative energy. (rN+)
You are resistant to electric shocks. (rElec)
You can survive without breathing.
You are immune to petrification.
You are immune to rotting.
Scrolls take you a little longer to read.
Armour fits poorly on your strangely shaped body.


Message History

You destroy the flying skull!
Trog accepts your kill.
Your Fighting skill increases to level 8!
Your Maces & Flails skill increases to level 7!
Your Armour skill increases to level 8!
Your Dodging skill increases to level 6!
You miss the flying skull. The flying skull closely misses you. x2
You closely miss the flying skull.
The flying skull hits you but does no damage.
You closely miss the flying skull. The flying skull barely misses you.
You closely miss the flying skull.
You are no longer berserk.
You are exhausted.
You feel yourself slow down.
The flying skull hits you but does no damage.
You now have 29/45 hp.
You closely miss the flying skull. The flying skull hits you.
The flying skull barely misses you.
You take 5 damage, and have 24/45 hp.
You closely miss the flying skull. The flying skull closely misses you.
The flying skull hits you.
You take 3 damage, and have 21/45 hp.
You hit the flying skull. The flying skull barely misses you.
The flying skull misses you.
You hit the flying skull but do no damage.
The flying skull misses you. The flying skull hits you!
The flying skull hits you.
* * * LOW HITPOINT WARNING * * *
You take 11 damage, and have 10/45 hp.
MASSIVE DAMAGE!!
You feel much better. The flying skull closely misses you. x2
You regained 33 hp, and now have 43/45 hp.
You completely miss the flying skull. The flying skull hits you.
The flying skull closely misses you.
You take 4 damage, and have 39/45 hp.
You barely miss the flying skull. The flying skull barely misses you.
The flying skull hits you.
The flying skull hits you but does no damage.
You take 3 damage, and have 36/45 hp.
You hit the flying skull but do no damage.
The flying skull barely misses you. The flying skull hits you!
You take 7 damage, and have 29/45 hp.
You barely miss the flying skull. The flying skull misses you.
The flying skull closely misses you.
You closely miss the flying skull. The flying skull barely misses you. x2
You miss the flying skull. The flying skull misses you.
The flying skull closely misses you.
The flying skull hits you but does no damage.
You hit the flying skull but do no damage.
You hear a hideous shriek!
The flying skull hits you. The flying skull misses you.
You hear a hideous shriek! x2
You take 3 damage, and have 27/45 hp.
You hit the flying skull but do no damage.
The flying skull hits you but does no damage.
The flying skull barely misses you.
You hit the flying skull. The flying skull hits you! The flying skull hits you.
* * * LOW HITPOINT WARNING * * *
You take 14 damage, and have 13/45 hp.
MASSIVE DAMAGE!!
Okay, then.
Unknown command.
You hit the flying skull but do no damage.
The flying skull closely misses you. The flying skull completely misses you.
The flying skull hits you.
* * * LOW HITPOINT WARNING * * *
You take 3 damage, and have 10/45 hp.
Okay, then.
Your skin crawls.
You feel resistant to hostile enchantments.
You feel somewhat more hungry. The flying skull closely misses you.
The flying skull completely misses you.
You barely miss the flying skull. The flying skull misses you.
The flying skull hits you.
* * * LOW HITPOINT WARNING * * *
You take 2 damage, and have 9/45 hp.
You barely miss the flying skull. The flying skull hits you.
* * * LOW HITPOINT WARNING * * *
The flying skull misses you.
You feel the effects of Trog's Hand fading.
The flying skull misses you. The flying skull barely misses you.
There is an open door here.
You regained 2 hp, and now have 12/45 hp.
You hit the flying skull but do no damage.
The flying skull hits you.
* * * LOW HITPOINT WARNING * * *
The flying skull hits you but does no damage.
You take 1 damage, and have 11/45 hp.
You miss the flying skull.
You feel yourself speed up. The flying skull misses you.
The flying skull hits you.
* * * LOW HITPOINT WARNING * * *
The flying skull hits you.
* * * LOW HITPOINT WARNING * * *
You take 8 damage, and have 3/45 hp.
You hit the flying skull. The flying skull closely misses you.
You regained 2 hp, and now have 5/45 hp.
Okay, then.
You closely miss the flying skull. The flying skull hits you!
You die... #... #zz. ''z

.3.
##'#
#.$.##
##.#
##z##
#@##
##.##
+.<.+
##.##
#+#


You could see a flying skull.

Vanquished Creatures
  A flying skull (D)
  2 neqoxecs (D)
3 creatures vanquished.

Vanquished Creatures (others)
  Menkaure (D)
  2 crocodiles (D)
3 creatures vanquished.

Grand Total: 6 creatures vanquished

Notes
Turn   | Place    | Note
-------+----------+-------------------------------------------
     0 | D        | esc the Gargoyle Berserker began the quest for the Orb.
     0 | D        | Reached XP level 1. HP: 14/14 MP: 1/1
     1 | D        | Noticed a neqoxec
     4 | D        | Gained mutation: Armour fits poorly on your strangely shaped body. [a neqoxec]
    10 | D        | Gained mutation: Scrolls take you a little longer to read. [a neqoxec]
    11 | D        | Killed a neqoxec
    11 | D        | Reached skill level 6 in Fighting
    11 | D        | Reached skill level 5 in Maces & Flails
    11 | D        | Reached skill level 5 in Armour
    11 | D        | Reached skill level 4 in Dodging
    11 | D        | Reached XP level 2. HP: 23/23 MP: 2/2
    11 | D        | Reached XP level 3. HP: 28/28 MP: 3/3
    11 | D        | Reached XP level 4. HP: 32/32 MP: 4/4
    11 | D        | Reached XP level 5. HP: 37/37 MP: 5/5
    12 | D        | Killed Menkaure
    48 | D        | Noticed a flying skull
    48 | D        | Noticed a flying skull
    48 | D        | Noticed a flying skull
    48 | D        | Noticed a neqoxec
    57 | D        | Killed a crocodile
    60 | D        | Killed a neqoxec
    60 | D        | Reached ** piety under Trog
    60 | D        | Reached skill level 7 in Fighting
    60 | D        | Reached skill level 6 in Maces & Flails
    60 | D        | Reached skill level 7 in Armour
    60 | D        | Reached skill level 5 in Dodging
    60 | D        | Reached XP level 6. HP: 42/44 MP: 6/6
    69 | D        | Killed a flying skull
    69 | D        | Reached skill level 8 in Fighting
    69 | D        | Reached skill level 7 in Maces & Flails
    69 | D        | Reached skill level 8 in Armour
    69 | D        | Reached skill level 6 in Dodging
    77 | D        | HP: 10/45 [flying skull (4)]
    88 | D        | HP: 10/45 [flying skull (4)]
    93 | D        | HP: 11/45 [flying skull (2)]
    94 | D        | HP: 3/45 [flying skull (5)]
    96 | D        | Slain by a flying skull

Vault maps used:
D:        the_violet_keep_of_menkaure

Skill      XL: |  1  2  3  4  5  6 |
---------------+-------------------+-----
Fighting       | 6 7 8 |  8.5
Maces & Flails | 5 6 7 |  7.8
Armour         | 5 7 8 |  8.1
Dodging        | 4 5 6 |  6.1

Action                   |  1- 3 |  4- 6 || total
-------------------------+-------+-------++-------
Melee: Mace              |     8 |    41 ||    49
Invok: Berserk           |     1 |     1 ||     2
       Trog's Hand       |       |     1 ||     1
  Use: Potion            |       |     1 ||     1
Armor: Animal skin       |     1 |     9 ||    10
Dodge: Dodged            |     2 |    39 ||    41

Vault maps used:
D:        the_violet_keep_of_menkaure

Table legend:
 A = Turns spent in this place as a percentage of turns spent in the entire game.
 B = Non-inter-level travel turns spent in this place as a percentage of non-inter-level travel turns spent in the entire game.
 C = Inter-level travel turns spent in this place as a percentage of turns spent in this place.
 D = Turns resting spent in this place as a percentage of non-inter-level travel turns spent in this place.
 E = Turns spent auto-exploring this place as a percentage of non-inter-level travel turns spent in this place.
 F = Non-inter-level travel turns spent in this place divided by the number of levels of this place that you've seen.
                   A       B       C       D       E      F
               +-------+-------+-------+-------+-------+----------------------
         Total | 100.0 | 100.0 |   0.0 |   5.3 |   0.0 |  76.0
       Dungeon | 100.0 | 100.0 |   0.0 |   5.3 |   0.0 |  76.0
               +-------+-------+-------+-------+-------+----------------------

Table legend:
 A = Kills in this place as a percentage of kills in entire the game.
 B = Kills by you in this place as a percentage of kills by you in the entire game.
 C = Kills by friends in this place as a percentage of kills by friends in the entire game.
 D = Other kills in this place as a percentage of other kills in the entire game.
 E = Experience gained in this place as a percentage of experience gained in the entire game.
 F = Experience gained in this place divided by the number of levels of this place that you have seen.
                   A       B       C       D       E      F
               +-------+-------+-------+-------+-------+----------------------
         Total | 100.0 | 100.0 |  -nan |  -nan | 100.0 | 597.0
       Dungeon | 100.0 | 100.0 |  -nan |  -nan | 100.0 | 597.0
               +-------+-------+-------+-------+-------+----------------------
